Unix NetHack Version 3.7.0-101 Work-in-progress - last build Mar 25 2024 22:18:23 (462964f8eaac915e699fc3a71b43428251fec12b,branch:master). Game began 2024-03-29 14:52:32, ended 2024-03-29 15:57:39. misanthrope, lawful female human Valkyrie ------------ |<.........| #-...........######### #|..........| #### ##-.---------- # ## # ########## # ########### -------------- #----- # |............-###s@d...##### |.._...%.....| #|...|##### |............| #|..s.# # |.............####|...|# ## |............| |...|# -------------- |...|# 0-----# 0###### Misanthrope the Skirmisher St:18/03 Dx:14 Co:16 In:9 Wi:8 Ch:7 Lawful Dlvl:5 $:32 HP:0(21) Pw:6(6) AC:3 Xp:3/71 T:2575 Latest messages: You see here a statue of a centipede. You swap places with your dog. You swap places with your dog. The centipede bites! You miss the centipede. You hit the centipede! The centipede bites! The dog bites the centipede. The centipede is killed! The dog misses the manes. The dog misses the manes. You hit the manes! The dog misses the manes. You destroy the manes! You see here a statue of a centipede. You swap places with your dog. You stop. Your dog is in the way! You swap places with your dog. The iguana bites! You miss the iguana. The dog misses the iguana. You miss the iguana. The iguana misses! The dog bites the iguana. The dog misses the iguana. You miss the iguana. The iguana bites! The dog bites the iguana. You hit the iguana! The iguana bites! The dog misses the iguana. The dog misses the iguana. You kill the iguana! The dog picks up a whistle called tin. The centipede bites! You miss the centipede. You miss the centipede. The centipede bites! You miss the centipede. The centipede bites! You hit the centipede! You miss the centipede. What do you want to zap? [y or ?*] In what direction? The magic missile hits the centipede. The centipede bites! The centipede's bite was poisoned! You die... Do you want your possessions identified? [ynq] (y) Do you want to see your attributes? [ynq] (y) Inventory: Coins ('$') $ - 32 gold pieces Weapons (')') a - an uncursed +1 spear (weapon in right hand) Armor ('[') o - an uncursed +0 orcish helm (being worn) c - an uncursed burnt +3 small shield (being worn) m - an uncursed +1 leather armor (being worn) Comestibles ('%') d - 2 uncursed food rations f - 2 uncursed tripe rations Scrolls ('?') s - an uncursed scroll of confuse monster b - a cursed scroll of create monster t - an uncursed scroll of enchant weapon Potions ('!') e - a blessed potion of gain energy w - an uncursed potion of gain energy u - 2 uncursed potions of healing x - a blessed potion of oil Rings ('=') i - an uncursed ring of invisibility Wands ('/') y - an uncursed wand of magic missile (0:5) Tools ('(') v - an uncursed blindfold named Col Stl l - a cursed magic lamp (lit) k - an uncursed skeleton key Gems/Stones ('*') g - a cursed worthless piece of violet glass p - an uncursed worthless piece of yellowish brown glass Misanthrope the Valkyrie's attributes: Background: You were a Skirmisher, a level 3 human Valkyrie. You were lawful, on a mission for Tyr who was opposed by Odin (neutral) and Loki (chaotic). You were right-handed. You were in the Dungeons of Doom, on level 5. You entered the dungeon 2575 turns ago. You had 71 experience points, 9 more were needed to attain level 4. Basics: You had 0 out of 21 hit points. You had all 6 energy points (spell power). Your armor class was 3. Your wallet contained 32 zorkmids. Autopickup was off. Final Characteristics: Your strength was 18/03 (limit:18/100). Your dexterity was 14 (limit:18). Your constitution was 16 (limit:18). Your intelligence was 9 (limit:18). Your wisdom was 8 (limit:18). Your charisma was 7 (limit:18). Final Status: You weren't hungry. You were unencumbered. You were wielding a spear. You had basic skill with spear. Final Attributes: You were piously aligned. You were cold resistant. You were stealthy. You were warded. You are dead. Miscellaneous: You never encountered a bones level. Total elapsed playing time was 40 minutes and 23 seconds. Major events: Turn 1: misanthrope the lawful human Valkyrie entered the dungeon 1032: entered the Gnomish Mines 2071: attained the rank of Skirmisher (level 3) 2575: killed by a centipede Vanquished creatures: 2 little dogs a homunculus a kobold leader a kobold shaman a centipede an iguana a gas spore a hobbit a manes a hobgoblin a green mold 2 geckos 7 jackals a goblin 2 sewer rats 8 grid bugs 2 bats 3 lichens a kobold zombie 11 newts 49 creatures vanquished. No species were genocided or became extinct. Voluntary challenges: You read items or engraved 2 times. You engraved Elbereth 1 time. You never genocided any monsters. You never polymorphed an object. You never changed form. You used no wishes. Achievements: You entered a shop. You entered the Gnomish Mines. You attained the rank of Skirmisher. The Dungeons of Doom: levels 1 to 5 Level 1: An altar, a fountain, a sink. Level 2: A shop, a fountain. Stairs down to The Gnomish Mines. Level 3: "vault" A potion shop, a fountain. Level 4: Level 5: <- You were here. An altar. Final resting place for you, killed by a centipede. The Gnomish Mines: Level 3: Game over: ---------- / \ / REST \ / IN \ / PEACE \ / \ | misanthrope | | 32 Au | | killed by a | | centipede | | | | | | 2024 | *| * * * | * _________)/\\_//(\/(/\)/\//\/|_)_______ Farvel misanthrope the Valkyrie... You died in The Dungeons of Doom on dungeon level 5 with 523 points, and 32 pieces of gold, after 2575 moves. You were level 3 with a maximum of 21 hit points when you died.